 Dungeon Crawl Stone Soup version 0.30-a0-964-gd452b5e7fa (webtiles) character file.

Game seed: 2867488185052168139

20 retardedninja the Covered (level 2, -5/26 HPs)
             Began as an Armataur Fighter on Mar 30, 2023.
             Slain by a gnoll
             ... wielding a +0 flail
              (10 damage)
             ... on level 2 of the Dungeon.
             The game lasted 00:00:49 (893 turns).

retardedninja the Covered (Armataur Fighter)         Turns: 893, Time: 00:00:49

Health: -5/26      AC:  7    Str: 21    XL:     2   Next: 58%
Magic:  2/2        EV:  7    Int:  8    God:
Gold:   60         SH:  4    Dex:  9    Spells: 1/1 levels left

rFire   . . .      SeeInvis .    a - +0 long sword
rCold   . . .      Faith    .    c - +0 buckler
rNeg    . . .      Spirit   .    b - +0 scale mail
rPois   .          Reflect  .    (no helmet)
rElec   .          Roll     +    (no cloak)
rCorr   .                        (no gloves)
Will    .....                    (no barding) Stlth
                                 (no amulet)
HPRegen 0.24/turn                (no ring)
MPRegen 0.08/turn                (no ring)

@: no status effects
A: large, rugged brown scales 3, deformed body, armoured tail, roll, long
tongue, awkward tongue
a: no special abilities


You were on level 2 of the Dungeon.
You visited 1 branch of the dungeon, and saw 2 of its levels.

You collected 60 gold pieces.

Inventory:

Hand Weapons
 a - a +0 long sword (weapon)
Armour
 b - a +0 scale mail (worn)
 c - a +0 buckler (worn)
Scrolls
 f - 3 scrolls of identify {unknown}
Potions
 d - a potion of might
 e - a potion of heal wounds {unknown}
 g - a potion of attraction {unknown}
 h - a potion of mutation {unknown}
 i - a potion of curing {unknown}


   Skills:
 + Level 2.9 Fighting
 * Level 2.3 Long Blades
 + Level 3.9 Armour
 + Level 3.5 Shields


You had one spell level left.
You didn't know any spells.
Your spell library was empty.

Dungeon Overview and Level Annotations

Branches:
Dungeon (2/15)

Altars:


Innate Abilities, Weirdness & Mutations

You are completely covered in rugged brown scales. (AC +3, +7% HP)
Armour fits poorly on your strangely shaped body.
You have a long armoured tail.
You roll when moving toward enemies. (Rampage)
Your long tongue fully drains potion bottles. (2x potion effects)
Your tongue gives you trouble enunciating. (1.5x scroll delay)


Message History

The goblin completely misses you.
A gnoll comes into view. It is wielding a +0 spear.
Unknown command.
The gnoll shouts!
You hit the goblin.
You kill the goblin!
A kobold comes into view. It is wielding a +0 short sword.
A gnoll comes into view. It is wielding a +0 spear.
The dart slug closely misses you.
You see here a +0 dagger.
The kobold shouts!
You hear a shout! x2
You block the gnoll's attack.
A kobold comes into view. It is wielding a +0 whip of venom.
A bat comes into view.
The dart slug launches a dart at you.
The slug dart hits you but does no damage.
The dart slug briefly extends its eye-stalks.
Found a leather armour.
The gnoll closely misses you. The bat hits you but does no damage.
The bat closely misses you.
Something unseen opens the door.
You roll towards the bat!
You barely miss the bat. The bat hits you but does no damage.
You block the gnoll's attack.
The gnoll hits you from afar with a +0 spear. x2
You hit the dart slug but do no damage.
The gnoll hits you from afar with a +0 spear.
The gnoll hits you but does no damage. x2
The dart slug bites you but does no damage.
You hit the dart slug but do no damage. The gnoll barely misses you. x2
The gnoll hits you from afar with a +0 spear.
The gnoll barely misses you. You block the dart slug's attack.
You roll towards the gnoll!
You closely miss the gnoll.
The gnoll closely misses you. x2; The gnoll hits you but does no damage.
The gnoll hits you with a +0 flail! The gnoll attacks as you move away!
The gnoll closely misses you.
You barely miss the gnoll.
The gnoll hits you from afar with a +0 spear.
* * * LOW HITPOINT WARNING * * *
You block the gnoll's attack.
You barely miss the gnoll. The gnoll hits you with a +0 flail!
You die...

K.....##........#
................#
................#
................#
##'##...........
+.....).......#
#......K.######
#......gg##########
........bwgg@...[...
####################


You could see 4 gnolls, a dart slug and a bat.

Vanquished Creatures
  A worm (D:2)
  4 endoplasms
  3 goblins
  A quokka (D:1)
  A ball python (D:1)
  3 frilled lizards
  3 kobolds
  A rat (D:1)
17 creatures vanquished.

Notes
Turn   | Place    | Note
-------+----------+-------------------------------------------
     0 | D:1      | retardedninja the Armataur Fighter began the quest for the
                  | Orb.
     0 | D:1      | Reached XP level 1. HP: 19/19 MP: 1/1
   479 | D:1      | Reached XP level 2. HP: 26/26 MP: 2/2
   841 | D:2      | Found a faded altar of an unknown god.
   893 | D:2      | Slain by a gnoll

Illustrated notes

Levels and vault maps discovered:
D:1:      psy_arrival_wood_between_worlds, layout_loops_ring
D:2:      kb_forest_paths, layout_basic, hellmonk_ecumenical_altar_blasted,
          uniq_sigmund, uniq_crazy_yiuf_cottage

Skill      XL: |  1 |
---------------+----+-----
Long Blades    | 2 |  2.3
Fighting       | |  2.9
Armour         | |  3.9
Shields        | |  3.5

Action                     || total
---------------------------++-------
  Melee: Long sword        ||    56
         Tailslap          ||     2
 Armour: Scale mail        ||    40
  Dodge: Dodged            ||    17
  Block: Buckler           ||    13

Table legend: (Time is in decaauts)
 A = Elapsed time spent in this place.
 B = Non-inter-level travel time spent in this place.
 C = Inter-level travel time spent in this place.
 D = Time resting spent in this place.
 E = Time spent auto-exploring this place.
 F = Levels seen in this place.
 G = Mean time per level.
                   A        B        C        D        E       F      G
               +--------+--------+--------+--------+--------+-----+--------+
         Total |    911 |    798 |    113 |      0 |    666 |   2 |  455.5 |
       Dungeon |    911 |    798 |    113 |      0 |    666 |   2 |  455.5 |
               +--------+--------+--------+--------+--------+-----+--------+

Top non-repeatable levels by time:
     D:1: 828 daAuts
     D:2: 82 daAuts
